 Dungeon Crawl Stone Soup version 0.18-a0-1577-gf591c28 (webtiles) character file.

21137 Ijustatesigmund the Unseen (level 12, -1/63 HPs)
             Began as a Spriggan Assassin on Mar 23, 2016.
             Was the Champion of Pakellas.
             Slain by an orc knight
             ... wielding a cursed -1 great mace
              (34 damage)
             ... on level 2 of the Orcish Mines.
             The game lasted 01:20:36 (21572 turns).

Ijustatesigmund the Unseen (Spriggan Assassin)     Turns: 21572, Time: 01:20:38

Health: -1/63      AC:  5    Str:  8    XL:     12   Next: 51%
Magic:  10/19      EV: 30    Int: 13    God:    Pakellas [******]
Gold:   346        SH: 16    Dex: 24    Spells: 0 memorised, 11 levels left

rFire  . . .     SeeInvis +     d - +2 short sword (vamp)
rCold  + . .     Gourm    .     W - +1 robe {rC+}
rNeg   . . .     Faith    .     y - +2 buckler
rPois  .         Spirit   .     (helmet restricted)
rElec  .         Dismiss  .     f - +1 cloak
rCorr  .         Reflect  +     (gloves unavailable)
SustAt .         Harm     .     (boots unavailable)
MR     ++...                    V - +6 amulet of reflection
Stlth  ++++++++..               M - +3 ring of dexterity
                                j - +3 ring of evasion

@: very quick, very resistant to hostile enchantments, extraordinarily stealthy
A: unfitting armour, talons 1, see invisible, herbivore 3, speed 3, slow
metabolism 2
a: Quick Charge, Device Surge, Supercharge, Renounce Religion


You were on level 2 of the Orcish Mines.
You worshipped Pakellas.
Pakellas was exalted by your worship.
You were not hungry.

You visited 4 branches of the dungeon, and saw 16 of its levels.
You also visited: Ossuary.

You collected 830 gold pieces.
You spent 484 gold pieces at shops.

Inventory:

Hand Weapons
 a - a +2 dagger of protection
 b - a +2 blowgun
 d - a +2 vampiric short sword (weapon)
 l - a +3 dagger of venom
 w - a cursed -1 dagger
Missiles
 e - 13 poisoned needles
 r - 32 tomahawks (quivered)
Armour
 f - a +1 cloak (worn)
 y - a +2 buckler (worn)
 W - a +1 robe of cold resistance (worn)
Rods
 C - a +4 rod of inaccuracy (12/12)
   (Pakellas gifted it to you on level 7 of the Dungeon)
Jewellery
 j - a +3 ring of evasion (left hand)
 M - a +3 ring of dexterity (right hand)
 O - an uncursed ring of ice
 V - a +6 amulet of reflection (around neck)
Wands
 c - a wand of heal wounds (4/9)
 h - a wand of lightning (2/15)
 i - a wand of paralysis (5/24)
 k - a wand of acid (1/15)
 E - a wand of enslavement (8/24)
 H - a wand of random effects (13/48)
 J - a wand of lightning (9/15)
 N - a wand of acid (6/15)
 T - a wand of polymorph (7/24)
Scrolls
 o - a scroll of recharging
 z - a scroll of teleportation
 A - 6 scrolls of remove curse
Potions
 m - a potion of resistance
 n - 3 potions of cure mutation
 q - a potion of mutation
 s - 3 potions of brilliance
 t - 9 potions of curing
 u - 7 potions of magic
 v - 2 potions of ambrosia
 B - a potion of flight
 F - a potion of cancellation
 G - a potion of agility
 L - a potion of haste
 P - a potion of lignification {unknown}
Books
 p - a book of Debilitation

   Spells                             Type                      Level
   a - Corona                         Hexes                        1
   b - Slow                           Hexes                        2
   c - Gell's Gravitas                Hexes/Translocation          3
   d - Inner Flame                    Hexes/Fire                   3
   e - Cause Fear                     Hexes                        4
   f - Leda's Liquefaction            Hexes/Earth                  4
 x - a book of the Tempests

   Spells                             Type                      Level
   a - Static Discharge               Conjuration/Air              3
   b - Lightning Bolt                 Conjuration/Air              5
   c - Fireball                       Conjuration/Fire             5
   d - Tornado                        Air                          9
   e - Shatter                        Earth                        9
 D - a book of Hinderance

   Spells                             Type                      Level
   a - Confusing Touch                Hexes                        2
   b - Confuse                        Hexes                        3
   c - Gell's Gravitas                Hexes/Translocation          3
   d - Petrify                        Transmutation/Earth          4
   e - Metabolic Englaciation         Hexes/Ice                    5
   f - Yara's Violent Unravelling     Hexes/Transmutation          5
 I - a book of Beasts

   Spells                             Type                      Level
   a - Summon Butterflies             Summoning                    1
   b - Call Canine Familiar           Summoning                    3
   c - Summon Ice Beast               Ice/Summoning                4
   d - Summon Mana Viper              Hexes/Summoning              5
   e - Summon Hydra                   Summoning                    7
 K - a book of Death

   Spells                             Type                      Level
   a - Corpse Rot                     Necromancy                   2
   b - Sublimation of Blood           Necromancy                   2
   c - Agony                          Necromancy                   5
   d - Dispel Undead                  Necromancy                   5
   e - Excruciating Wounds            Charms/Necromancy            5
   f - Bolt of Draining               Conjuration/Necromancy       5
 S - a book of Envenomations

   Spells                             Type                      Level
   a - Spider Form                    Transmutation/Poison         3
   b - Olgreb's Toxic Radiance        Poison                       4
   c - Alistair's Intoxication        Transmutation/Poison         5
   d - Poisonous Cloud                Conjuration/Poison/Air       6
Comestibles
 g - 7 bread rations


   Skills:
 - Level 7.1 Fighting
 - Level 11.0 Short Blades
 - Level 7.7 Throwing
 - Level 8.0 Dodging
 + Level 15.7 Stealth
 - Level 5.2 Shields
 - Level 9.0 Evocations


You had 11 spell levels left.
You didn't know any spells.

Dungeon Overview and Level Annotations

Branches:
Dungeon (11/15)            Temple (1/1) D:4            Lair (2/8) D:11
    Orc (2/2) D:9
    Elf: Orc:2

Altars:
Ashenzari
Cheibriados
Dithmenos
Elyvilon
Fedhas
Gozag
Kikubaaqudgha
Makhleb
Nemelex Xobeh
Okawaru
Pakellas
Qazlal
Ru
Sif Muna
Trog
Vehumet
Xom
Yredelemnul
Zin
The Shining One
Beogh

Shops:
D:6 !*[   D:7 *   D:8 *   Orc:2 }[


Innate Abilities, Weirdness & Mutations

You are tiny and cannot use many weapons and most armour.
You have supernaturally acute eyesight.
You are a herbivore.
You cover ground extremely quickly.
You need consume almost no food.
You have sharp toenails.


Message History

You block the orc knight's attack.
You barely miss the orc knight.
You claw the orc knight, but do no damage.
The orc knight is moderately wounded.
You closely miss the orc knight.
You claw the orc knight, but do no damage.
The orc knight is moderately wounded.
You block the orc knight's attack.
You hit the orc knight but do no damage.
The orc knight is moderately wounded.
You hit the orc knight but do no damage.
You claw the orc knight, but do no damage.
The orc knight is moderately wounded.
You hit the orc knight but do no damage.
You claw the orc knight, but do no damage.
The orc knight is moderately wounded.
The orc knight hits you with an enchanted great mace!!
Ouch! That really hurt!
You die...
Pakellas says: Back to the drawing board!

###.....###.# #..)..'........
###...# #.#####...).#.......#
##### #.#...#.....#..###...
#.#[..###'###########
########.'._.'.........'....
##≈≈≈§..###)..#.##)###'##....
#≈≈§§§..'.#...#.#...#...#....
≈≈≈§§§.§#)##'##.#.).#...#####
≈≈# #####..o@...#∩..#.)∩#
#################


You could see an orc knight.

Vanquished Creatures
  Fannar (D:10)
  A hydra (Lair:1)
  3 orc knights (Orc:2)
  An orc sorcerer (Orc:2)
  Joseph (D:10)
  3 spiny frogs
  A rime drake (Lair:2)
  5 trolls
  A polar bear (D:9)
  7 two-headed ogres
  23 yaks
  5 hippogriffs
  A basilisk (Lair:2)
  A warg (Orc:1)
  5 water moccasins
  3 porcupines (Lair:1)
  5 ice beasts
  24 orc warriors
  2 black bears
  2 necrophages
  2 sky beasts
  A wasp (Lair:1)
  An eye of draining (D:11)
  3 phantoms
  4 wolves (D:9)
  A centaur (D:5)
  3 crocodiles
  6 ogres
  3 big kobolds
  3 elf zombies
  11 giant frogs
  A wyvern skeleton (D:8)
  2 scorpions
  4 killer bees (D:10)
  A water moccasin skeleton (D:9)
  A troll zombie (D:7)
  3 wights
  2 howler monkeys (D:10)
  3 electric eels (D:9)
  2 centaur zombies (Ossuary)
  A wyvern simulacrum (D:9)
  A quasit (D:11)
  A gnoll shaman (D:4)
  2 human zombies
  14 orc priests
  A centaur skeleton (D:11)
  3 hounds
  5 jellies
  A giant frog skeleton (D:10)
  A human skeleton (D:7)
  14 orc wizards
  8 iguanas
  7 worker ants
  A killer bee zombie (D:9)
  3 big kobold zombies (Ossuary)
  2 giant frog simulacra (D:9)
  A centaur simulacrum (D:9)
  A hound zombie (D:7)
  2 hound skeletons
  7 mummies
  5 gnolls (D:4)
  15 adders
  A shadow imp (D:6)
  5 white imps (D:9)
  An ooze (D:2)
  2 adder skeletons (D:5)
  2 dart slugs
  2 adder simulacra (D:9)
  5 giant geckos
  75 orcs
  2 bats
  3 giant cockroaches
  9 hobgoblins
  9 jackals
  2 quokkas
  4 ball pythons
  A giant gecko skeleton (D:4)
  A giant gecko zombie (D:6)
  9 giant newts
  13 goblins
  3 goblin zombies (Ossuary)
  11 hobgoblin zombies (Ossuary)
  A jackal zombie (Ossuary)
  22 kobolds
  5 kobold zombies (Ossuary)
  10 orc zombies
  2 quokka simulacra (D:9)
  A quokka skeleton (D:8)
  8 rats
  A rat zombie (Ossuary)
458 creatures vanquished.

Vanquished Creatures (others)
  An ogre (Orc:2)
  2 orcs
  A plant (Lair:1)
4 creatures vanquished.

Grand Total: 462 creatures vanquished

Notes
Turn   | Place    | Note
--------------------------------------------------------------
     0 | D:1      | Ijustatesigmund the Spriggan Assassin began the quest for the Orb.
     0 | D:1      | Reached XP level 1. HP: 10/10 MP: 2/2
   464 | D:1      | Reached XP level 2. HP: 14/14 MP: 3/3
   564 | D:1      | Reached skill level 6 in Stealth
  1150 | D:1      | Reached XP level 3. HP: 18/18 MP: 4/4
  1304 | D:2      | Found a white marble altar of Elyvilon.
  1672 | D:2      | Found a burning altar of Makhleb.
  1672 | D:2      | Found a blossoming altar of Fedhas.
  1737 | D:2      | Reached XP level 4. HP: 22/22 MP: 5/5
  1789 | D:2      | Gained mutation: You have sharp toenails. [potion of beneficial mutation]
  2927 | D:3      | Found an iron altar of Okawaru.
  2938 | D:3      | Reached skill level 7 in Stealth
  2959 | D:3      | Reached XP level 5. HP: 18/25 MP: 6/6
  3768 | D:4      | Found a staircase to the Ecumenical Temple.
  3779 | Temple   | Entered the Ecumenical Temple
  3783 | Temple   | Became a worshipper of Pakellas the Inventive
  4239 | D:4      | Reached skill level 1 in Evocations
  4375 | D:5      | Entered Level 5 of the Dungeon
  4681 | D:5      | Reached XP level 6. HP: 32/32 MP: 8/8
  4905 | D:6      | Found Zuzurphe's Assorted Antiques.
  4913 | D:6      | Bought 2 murky dark potions for 57 gold pieces
  5157 | D:6      | Found a sand-covered staircase.
  5162 | Ossuary  | Entered an ossuary
  5201 | Ossuary  | Reached * piety under Pakellas
  5346 | Ossuary  | Reached XP level 7. HP: 22/37 MP: 11/11
  5347 | Ossuary  | Reached ** piety under Pakellas
  5347 | Ossuary  | Received a gift from Pakellas
  5800 | D:6      | Found Ywkaro Gait's Armour Shoppe.
  5806 | D:6      | Bought a +0 buckler for 49 gold pieces
  5822 | D:6      | Reached skill level 5 in Evocations
  5895 | D:6      | Found Qaredeyxaeq's Distillery.
  5941 | D:6      | Reached skill level 1 in Shields
  6508 | D:6      | Reached XP level 8. HP: 27/42 MP: 13/13
  7149 | D:4      | Reached skill level 5 in Fighting
  7235 | D:4      | Found a shimmering altar of Xom.
  7344 | D:5      | Found a radiant altar of Vehumet.
  7407 | D:5      | Reached *** piety under Pakellas
  7641 | D:5      | Found a bloodstained altar of Trog.
  7909 | D:7      | Found Waoggoxi's Assorted Antiques.
  7933 | D:7      | Bought a scroll labeled FADUATE GEECA for 24 gold pieces
  7977 | D:7      | Found an ancient bone altar of Kikubaaqudgha.
  8194 | D:7      | Reached skill level 5 in Short Blades
  8352 | D:7      | Reached skill level 8 in Stealth
  8700 | D:7      | Reached XP level 9. HP: 46/46 MP: 15/15
  8722 | D:7      | Reached **** piety under Pakellas
  8722 | D:7      | Received a gift from Pakellas
  9252 | D:7      | Found a basalt altar of Yredelemnul.
  9423 | D:8      | Reached skill level 9 in Stealth
  9475 | D:8      | Found Zoin's General Store.
  9488 | D:8      | Bought a potion of curing for 45 gold pieces
 10529 | D:8      | Reached skill level 10 in Stealth
 10549 | D:8      | Reached ***** piety under Pakellas
 11264 | D:9      | Found a staircase to the Orcish Mines.
 11471 | D:9      | Found a basalt altar of Yredelemnul.
 11476 | D:9      | Noticed a polar bear
 11516 | D:9      | Killed a polar bear
 11516 | D:9      | Reached XP level 10. HP: 29/52 MP: 16/16
 12041 | D:9      | Reached skill level 11 in Stealth
 12115 | D:9      | Reached skill level 5 in Dodging
 12238 | D:10     | Entered Level 10 of the Dungeon
 12508 | D:10     | Noticed Joseph
 12517 | D:10     | Noticed Fannar
 12687 | D:10     | Killed Fannar
 12687 | D:10     | Reached skill level 5 in Throwing
 12692 | D:10     | Killed Joseph
 13225 | D:6      | Bought a runed cloak for 144 gold pieces
 13670 | D:10     | Reached XP level 11. HP: 39/56 MP: 18/18
 13962 | D:10     | Reached ****** piety under Pakellas
 14708 | D:11     | Found a staircase to the Lair.
 14814 | D:11     | Reached skill level 10 in Short Blades
 14925 | D:11     | Noticed a soul eater
 15681 | D:11     | Noticed a death knight
 15684 | D:11     | Noticed a phantasmal warrior
 15879 | D:11     | Noticed a soul eater
 15908 | Lair:1   | Entered Level 1 of the Lair of Beasts
 16179 | Lair:1   | Noticed a four-headed hydra
 16390 | Lair:1   | Killed a four-headed hydra
 18133 | Lair:1   | Reached skill level 5 in Shields
 18689 | D:11     | Noticed a skeletal warrior
 18825 | Orc:1    | Entered Level 1 of the Orcish Mines
 19059 | Orc:2    | Entered Level 2 of the Orcish Mines
 19190 | Orc:2    | Reached XP level 12. HP: 49/63 MP: 19/19
 19523 | Orc:2    | Received a gift from Pakellas
 19792 | Orc:2    | Reached skill level 12 in Stealth
 20067 | Orc:1    | Found a roughly hewn altar of Beogh.
 20174 | Orc:1    | Noticed an orc warlord
 20801 | Orc:2    | Reached skill level 13 in Stealth
 21107 | Orc:2    | Reached skill level 14 in Stealth
 21165 | Orc:2    | Found a roughly hewn altar of Beogh.
 21259 | Orc:2    | Found Edoingu's Antique Armour Shop.
 21263 | Orc:2    | Reached skill level 15 in Stealth
 21295 | Orc:2    | Found Bytzo's Gadget Boutique.
 21335 | Orc:2    | Bought a wand of enslavement (9/24) for 165 gold pieces
 21572 | Orc:2    | Slain by an orc knight

Vault maps used:
D:1:      dpeg_arrival_orchard
D:2:      elyvilon_altar_5, gammafunk_temple_overflow_wave
D:3:      okawaru_trees_2, first_bread
D:4:      kennysheep_mini_moat, minmay_temple_entry_glassed_door
D:5:      lightli_temple_of_fire, lemuel_doored_altar
D:6:      serial_shops, kennysheep_little_box, shop, shop, enter_ossuary_5,
          roderic_lattice_a
D:7:      lemuel_crystal_altar, lemuel_mausoleum_altar_kikubaaqudgha,
          serial_shops, nicolae_shop_stone
D:8:      serial_shops, shop
D:9:      orc_0_dummy, basic_altar, serial_ice, serial_ice_b, serial_ice_n,
          serial_ice_c, serial_ice_l, serial_ice_o, serial_ice_f, serial_ice_g,
          serial_ice_m, serial_ice_d, serial_ice_a
D:10:     uniq_fannar, uniq_joseph
D:11:     lair_0_dummy
Temple:   triangle_lava_temple_11
Orc:1:    orc_temple, basic_altar
Orc:2:    pubby_orc_utopia, serial_shops
Ossuary:  ossuary_tomb_1

Skill      XL: |  1  2  3  4  5  6  7  8  9 10 11 12 |
---------------+-------------------------------------+-----
Stealth        | 6 7 8 10 11 15 | 15.7
Dodging        | 2 3 4 7 8 |  8.0
Short Blades   | 3 4 5 8 9 11 | 11.0
Throwing       | 3 5 7 |  7.7
Fighting       | 2 3 4 5 6 7 |  7.1
Evocations     | 2 4 6 7 8 9 |  9.0
Shields        | 2 3 5 |  5.2

Action                   |  1- 3 |  4- 6 |  7- 9 | 10-12 || total
-------------------------+-------+-------+-------+-------++-------
Melee: Dagger            |   124 |   311 |   475 |  1494 ||  2404
       Short sword       |       |       |   135 |   541 ||   676
 Fire: Blowgun           |     5 |     9 |    14 |     7 ||    35
Throw: Tomahawk          |       |       |       |    31 ||    31
Invok: Quick Charge      |       |       |       |     3 ||     3
Evoke: Wand              |       |       |    11 |    42 ||    53
       Phantom mirror    |       |       |       |     1 ||     1
  Use: Scroll            |     2 |     9 |    13 |    12 ||    36
       Potion            |     1 |     4 |       |     6 ||    11
 Stab: Sleeping          |    10 |    23 |    40 |    34 ||   107
       Distracted        |       |     1 |     5 |     8 ||    14
       Paralysed         |       |       |     6 |     7 ||    13
       Invisible         |       |       |       |     4 ||     4
  Eat: Pizza             |       |     2 |     2 |       ||     4
       Fruit             |       |       |     3 |     7 ||    10
       Bread ration      |       |       |       |     3 ||     3
